 Dungeon Crawl Stone Soup version 0.29.1-15-g9cfb28693d (webtiles) character file.

Game seed: 3534497752858072158

36146 croobank the Nimble (level 13, -1/80 HPs)
             Began as an Octopode Gladiator on Feb 27, 2023.
             Was an Elder of Hepliaklqana.
             Slain by a shadow (7 damage)
             ... on level 10 of the Dungeon.
             The game lasted 01:42:29 (20160 turns).

croobank the Nimble (Octopode Gladiator)           Turns: 20160, Time: 01:42:30

Health: -1/80      AC:  7    Str: 17    XL:     13   Next: 88%
Magic:  33/33      EV: 20    Int: 18    God:    Hepliaklqana [****..]
Gold:   462        SH:  5    Dex: 13    Spells: 4/26 levels left

rFire   . . .      SeeInvis +   U - +8 trident of the Octopus King {venom, rElec rPois}
rCold   + . .      Faith    .   (no shield)
rNeg    . . .      Spirit   .   b - +2 hat
rPois   +          Reflect  +   k - amulet of reflection
rElec   +          Harm     .   e - +6 ring of intelligence
rCorr   .          Rampage  .   u - ring of see invisible
Will    +....                   w - ring of willpower
Stlth   ++........              x - ring of wizardry
HPRegen 0.23/turn               c - ring of magical power
MPRegen 0.23/turn               B - ring of protection from cold
                                H - +4 ring of slaying
                                y - +4 ring of evasion

@: no status effects
A: reduced essence, almost no armour, amphibious, 8 rings, camouflage 1,
gelatinous body 1, (nimble swimmer 1), tentacles, iridescent scales 2, mutation
resistance 1
a: Renounce Religion, Recall Ancestor, Ancestor Identity, Transference, Idealise


You were on level 10 of the Dungeon.
You worshipped Hepliaklqana.
Hepliaklqana was greatly pleased with you.
You visited 2 branches of the dungeon, and saw 15 of its levels.
You also visited: Bailey.

You collected 861 gold pieces.
You spent 399 gold pieces at shops.

Inventory:

Hand Weapons
 d - a +3 broad axe
 i - a +0 vorpal mace
 j - the +3 Elemental Staff {rElec rF++ rC++ AC+5}
   (You acquired it on level 3 of the Lair of Beasts)

   If the wielder is skilled in Evocations, they can discharge powerful blasts
   of elemental energy when striking with it.
   It enhances your fire, ice, earth and air magic.
   AC:        It affects your AC (+5).
   rF:        It greatly protects you from fire.
   rC:        It greatly protects you from cold.
   rElec:     It insulates you from electricity.
 o - a +5 war axe of freezing
 t - a +0 antimagic rapier
 C - a +4 dagger
 Q - a +0 scimitar
 R - a +2 hand axe of venom
 T - a +0 demon blade
 U - the +8 trident of the Octopus King (weapon) {venom, rElec rPois}
   (You found it on level 1 of the Lair of Beasts)

   It poisons the flesh of those it strikes.
   rElec:     It insulates you from electricity.
   rPois:     It protects you from poison.
Missiles
 g - 7 javelins
 p - 34 poisoned darts
 F - 2 atropa-tipped darts (quivered)
 K - 26 boomerangs
Armour
 b - a +2 hat (worn)
 W - a +0 buckler
Jewellery
 c - a ring of magical power (on tentacle)
 e - a +6 ring of intelligence (left tentacle)
 f - an amulet of the acrobat
 k - an amulet of reflection (around mantle)
 n - a ring of ice
 u - a ring of see invisible (right tentacle)
 w - a ring of willpower (on tentacle)
 x - a ring of wizardry (on tentacle)
 y - a +4 ring of evasion (on tentacle)
 B - a ring of protection from cold (on tentacle)
 D - a ring of flight
 H - a +4 ring of slaying (on tentacle)
Wands
 h - a wand of paralysis (4)
 A - a wand of flame (37)
 E - a wand of iceblast (16)
 L - a wand of mindburst (5)
 M - a wand of polymorph (1)
 V - a wand of digging (4)
Scrolls
 l - 3 scrolls of torment
 m - 4 scrolls of magic mapping
 r - 3 scrolls of poison
 v - a scroll of enchant weapon
 G - 4 scrolls of identify
 O - a scroll of amnesia
 P - a scroll of enchant armour
Potions
 a - 5 potions of flight
 q - 6 potions of curing
 z - a potion of lignification
 J - 2 potions of ambrosia
 N - a potion of attraction
 S - 2 potions of brilliance
 Y - a potion of magic
Miscellaneous
 s - a phial of floods


   Skills:
 + Level 8.4 Fighting
 - Level 6.9(7.4) Axes
 - Level 3.9(6.0) Polearms
 + Level 8.5 Throwing
 + Level 8.8 Dodging
 + Level 7.4 Spellcasting
 - Level 7.0 Conjurations
 - Level 7.0 Hexes
 * Level 3.6 Transmutations
 + Level 4.0 Earth Magic
 + Level 8.1 Invocations
 - Level 8.0 Evocations


You had 4 spell levels left.
You knew the following spells:

 Your Spells              Type           Power      Damage    Failure   Level
a - Slow                  Hex            100%       N/A       1%          1
b - Confusing Touch       Hex            31%        N/A       1%          3
c - Magic Dart            Conj           100%       1d8       1%          1
d - Searing Ray           Conj           62%        2d6       1%          2
e - Fulminant Prism       Conj/Hex       15%        3d11      2%          4
f - Tukima's Dance        Hex            31%        N/A       1%          3
g - Stone Arrow           Conj/Erth      52%        3d10      1%          3
h - Yara's Violent Unrav  Hex/Tmut       12%        3d7       13%         5

Your spell library contained the following spells:

 Spells                   Type           Power      Damage    Failure   Level
 Sandblast                Erth           42%        2d11      1%          1
 Passwall                 Tmut/Erth      16%        N/A       1%          2
 Portal Projectile        Hex/Tloc       38%        N/A       3%          3
 Anguish                  Hex/Necr       9%         N/A       10%         4
 Vampiric Draining        Necr           6%         2d6       12%         3
 Passage of Golubria      Tloc           6%         N/A       38%         4
 Blade Hands              Tmut           9%         N/A       26%         5
 Silence                  Hex/Air        9%         N/A       26%         5
 Iron Shot                Conj/Erth      13%        9d3       52%         6
 Summon Forest            Summ/Tloc      3%         N/A       71%         5
 Enfeeble                 Hex            15%        N/A       86%         7
 Eringya's Noxious Bog    Tmut/Pois      6%         N/A       95%         6
 Summon Hydra             Summ           3%         N/A       100%        7
 Lehudib's Crystal Spear  Conj/Erth      13%        10d4      100%        8
 Animate Armour           Summ/Erth      Unusable   N/A       N/A         4

Dungeon Overview and Level Annotations

Branches:
Dungeon (10/15)            Temple (0/1) D:6            Lair (5/5) D:10
  Swamp (0/4) Lair:3       Spider (0/4) Lair:3        Slime (0/5) Lair:4
 Bailey (visited)
    Orc: D:9-12

Altars:
Cheibriados
Dithmenos
Elyvilon
Hepliaklqana
Kikubaaqudgha
Makhleb
Nemelex Xobeh
Okawaru
Sif Muna
Trog
Jiyva

Shops:
D:8 (?   D:10 [

Annotations:
D:3 2 runed translucent doors, Farfigtubin's ghost, amateur HOFi
D:7 need digging


Innate Abilities, Weirdness & Mutations

Your life essence is reduced to manifest your ancestor. (-10% HP)
You cannot wear most types of armour.
You are amphibious.
You can wear up to eight rings at the same time.
Your skin changes colour to match your surroundings (Stealth+).
Your rubbery body absorbs attacks. (AC +1, EV +1)
((You are camouflaged when in or above water. (Stealth+)))
You have tentacles for arms and can constrict up to eight enemies at once.
You are mostly covered in iridescent scales. (AC +4)
You are somewhat resistant to further mutation.


Message History

The basilisk gazes at you.
The two-headed ogre hits you with a +0 giant club!!
The two-headed ogre hits you with a +0 giant club.
The elephant tramples you.
You hold your ground!
The elephant trunk-slaps you but does no damage.
The elephant tramples you!
You hold your ground!
The elephant trunk-slaps you but does no damage.
The two-headed ogre hits you with a +0 giant club!! x2
The basilisk bites you but does no damage.
The elephant tramples you.
You are shoved backwards!
The shadow hits you. The basilisk completely misses you.
The elephant tramples you!
You hold your ground!
The elephant trunk-slaps you but does no damage.
The basilisk bites you. The shadow hits you. The basilisk gazes at you.
You resist with almost no effort. The elephant tramples you!
* * * LOW HITPOINT WARNING * * *
You hold your ground!
The elephant trunk-slaps you.
The basilisk bites you but does no damage.
The shadow hits you!
* * * LOW HITPOINT WARNING * * *
The basilisk bites you.
* * * LOW HITPOINT WARNING * * *
The elephant tramples you!
* * * LOW HITPOINT WARNING * * *
You hold your ground!
The elephant trunk-slaps you but does no damage.
The basilisk bites you!
* * * LOW HITPOINT WARNING * * *
The shadow hits you!
* * * LOW HITPOINT WARNING * * *
You turn to flesh and can move again.
You feel better. You block the basilisk's attack. The elephant misses you.
The elephant closely misses you. The basilisk bites you.
* * * LOW HITPOINT WARNING * * *
The shadow barely misses you. The elephant attacks as you move away!
The elephant misses you. The elephant completely misses you.
The basilisk attacks as you move away! The basilisk completely misses you.
The shadow hits you!
You die...

.###.#.########..#
.##....##### #.....#.#
....#......# ##....#.#
###....###.## ##......#
# ##.####...###.......#
# #.###.....##.......#
# #.##..P....#$(.....#
# #..#.......#Y......#
# ##.#.........W@.....#
###..........O.l.####.#
......[...>....l##
###............## #
##.#$........# .
....#.....P.#...
###..##.......####
#..###.....## ....
##...##


You could see an elephant, a two-headed ogre, 2 basilisks and a shadow.

Vanquished Creatures
  2 hydras
  2 two-headed ogres
  A catoblepas (Lair:3)
  2 death yaks (Lair:2)
  2 orc knights (Bailey)
  A cyclops (D:7)
  6 elephants (Lair:4)
  2 black mambas
  2 torpor snails (Lair:2)
  3 komodo dragons
  7 cane toads
  2 unseen horrors
  A rime drake (Lair:2)
  A hornet (Lair:2)
  3 polar bears
  6 blink frogs
  2 jumping spiders (Lair:3)
  A wraith (D:10)
  5 wyverns
  20 yaks
  3 basilisks
  14 water moccasins
  8 orc warriors
  3 ice beasts
  A sky beast (D:7)
  2 ogres
  2 black bears
  2 wolves (Lair:4)
  3 centaurs
  A phantom (D:6)
  6 bullfrogs
  A scorpion (D:5)
  A necrophage (D:5)
  3 wights (D:7)
  3 killer bees (D:9)
  4 howler monkeys
  7 orc priests
  A gnoll bouda (D:8)
  3 hounds
  4 jellies
  4 iguanas
  13 orc wizards
  A hell rat (Lair:2)
  Ijyb (D:5)
  9 gnolls
  7 adders
  3 white imps (D:7)
  An ufetubus (D:4)
  3 worms
  4 dart slugs
  50 orcs
  5 bats
  11 endoplasms
  10 goblins
  11 hobgoblins
  A jackal (D:1)
  17 kobolds
  4 quokkas
  10 ball pythons
  5 frilled lizards
  2 rats
  3 fulminant prisms
318 creatures vanquished.

Vanquished Creatures (collateral kills)
  2 hydras
  9 elephants (Lair:4)
  A black mamba (Lair:4)
  2 torpor snails (Lair:2)
  2 komodo dragons (Lair:3)
  7 cane toads
  A polar bear (Lair:4)
  A hornet (D:9)
  6 blink frogs
  A shadow (D:10)
  3 wyverns
  2 yaks (Lair:2)
  A basilisk (Lair:3)
  An acid dragon (D:9)
  A water moccasin (D:7)
  3 orc warriors
  A black bear (D:7)
  An ice beast (D:7)
  2 ogres (D:9)
  2 centaurs
  2 wolves (Lair:4)
  3 kobold brigands
  7 bullfrogs
  A killer bee (D:7)
  A howler monkey (D:10)
  2 orc priests
  An orc wizard (D:7)
  A gnoll (D:8)
  7 orcs
  A goblin (Bailey)
  3 kobolds
78 creatures vanquished.

Vanquished Creatures (others)
  12 battlemagi
  10 ancestors
  56 fulminant prisms
  40 fungi
  63 plants
181 creatures vanquished.

Grand Total: 577 creatures vanquished

Notes
Turn   | Place    | Note
-------+----------+-------------------------------------------
     0 | D:1      | croobank the Octopode Gladiator began the quest for the
                  | Orb.
     0 | D:1      | Reached XP level 1. HP: 14/14 MP: 1/1
   167 | D:1      | Reached XP level 2. HP: 19/19 MP: 2/2
   417 | D:1      | Reached XP level 3. HP: 25/25 MP: 3/3
   715 | D:2      | Reached XP level 4. HP: 23/30 MP: 4/4
  1536 | D:3      | Learned a level 1 spell: Slow
  1928 | D:3      | Gained mutation: You are partially covered in iridescent
                  | scales. (AC +2) [potion of mutation]
  1928 | D:3      | Gained mutation: You are mostly covered in iridescent
                  | scales. (AC +4) [potion of mutation]
  1928 | D:3      | Gained mutation: You are somewhat resistant to further
                  | mutation. [potion of mutation]
  1939 | D:3      | Reached XP level 5. HP: 20/36 MP: 5/5
  2234 | D:3      | Found a faded altar of an unknown god.
  2446 | D:3      | Found a large runed translucent door.
  2446 | D:3      | Found a large runed translucent door.
  2448 | D:3      | Noticed Farfigtubin's ghost (amateur HOFi)
  3014 | D:4      | Reached skill level 1 in Hexes
  3236 | D:4      | Reached skill level 1 in Spellcasting
  3248 | D:4      | Reached XP level 6. HP: 28/42 MP: 7/7
  3597 | D:4      | Found an iron altar of Okawaru.
  3597 | D:4      | Found a snail-covered altar of Cheibriados.
  3792 | D:4      | Found an ancient bone altar of Kikubaaqudgha.
  3792 | D:4      | Found a white marble altar of Elyvilon.
  3874 | D:4      | You fall into a shaft and drop 1 floor!
  3874 | D:5      | Entered Level 5 of the Dungeon
  3919 | D:5      | Reached XP level 7. HP: 40/46 MP: 5/10
  4551 | D:4      | Found a hazy altar of Hepliaklqana.
  4562 | D:4      | Became a worshipper of Hepliaklqana the Forgotten
  4811 | D:5      | Found a burning altar of Makhleb.
  5025 | D:5      | Noticed Ijyb
  5490 | D:5      | Killed Ijyb
  5491 | D:5      | Reached XP level 8. HP: 42/54 MP: 12/12
  5557 | D:5      | Learned a level 3 spell: Confusing Touch
  5597 | D:6      | Reached skill level 1 in Invocations
  5597 | D:6      | Reached skill level 1 in Evocations
  5919 | D:6      | Found a staircase to the Ecumenical Temple.
  6054 | D:6      | Reached skill level 1 in Conjurations
  6056 | D:6      | Learned a level 1 spell: Magic Dart
  6059 | D:6      | Learned a level 2 spell: Searing Ray
  6609 | D:7      | Found a flagged portal.
  6647 | D:7      | Learned a level 4 spell: Fulminant Prism
  6648 | Bailey   | Entered a bailey
  6655 | Bailey   | Noticed an orc knight
  6676 | Bailey   | Reached * piety under Hepliaklqana
  6724 | Bailey   | Reached skill level 5 in Dodging
  6828 | Bailey   | Identified the +2 leather armour of a wizard's laboratory
                  | {+Blink Will+ Stlth+}
  6968 | Bailey   | Reached skill level 5 in Axes
  7093 | Bailey   | Identified the +6 chain mail of Qazlal's Hope {Will++
                  | Str+5}
  7102 | Bailey   | Reached XP level 9. HP: 48/53 MP: 10/14
  7140 | Bailey   | Killed an orc knight
  7186 | Bailey   | Noticed an orc knight
  7200 | Bailey   | Killed an orc knight
  7201 | Bailey   | Reached skill level 5 in Throwing
  7524 | Bailey   | Identified the +6 scale mail "Unutso" {rElec Str+2 Dex-5}
  7879 | D:7      | Reached skill level 5 in Fighting
  7889 | D:7      | Reached XP level 10. HP: 17/59 MP: 9/16
  9030 | D:7      | Noticed a cyclops
  9040 | D:7      | Noticed a two-headed ogre
  9084 | D:7      | Killed a two-headed ogre
  9085 | D:7      | Reached skill level 5 in Conjurations
  9272 | D:7      | Reached skill level 5 in Hexes
  9669 | D:7      | Killed a cyclops
 10369 | D:8      | Found Isazauq's Weapon Shoppe.
 10427 | D:8      | Reached skill level 5 in Spellcasting
 10466 | D:8      | Reached XP level 11. HP: 38/64 MP: 10/18
 10487 | D:8      | Reached skill level 5 in Invocations
 10487 | D:8      | Reached skill level 5 in Evocations
 10714 | D:8      | Reached ** piety under Hepliaklqana
 10715 | D:8      | Remembered your ancestor Shedsu-nefertum as a battlemage
 10761 | D:8      | Found Paung's Magic Scroll Boutique.
 10769 | D:8      | Bought a scroll of identify for 28 gold pieces
 10769 | D:8      | Bought a scroll of identify for 28 gold pieces
 10769 | D:8      | Bought a scroll of identify for 28 gold pieces
 10769 | D:8      | Bought 3 scrolls of blinking for 315 gold pieces
 11195 | D:9      | Noticed a two-headed ogre
 11221 | D:9      | Killed a two-headed ogre
 11805 | D:9      | Found a bloodstained altar of Trog.
 12287 | D:10     | Entered Level 10 of the Dungeon
 12291 | D:10     | Found a shadowy altar of Dithmenos.
 12390 | D:10     | Learned a level 3 spell: Tukima's Dance
 12394 | D:10     | Learned a level 3 spell: Stone Arrow
 12410 | D:10     | Found Jaicej's Armour Shoppe.
 12662 | D:10     | Found a sparkling altar of Nemelex Xobeh.
 12662 | D:10     | Found a shimmering blue altar of Sif Muna.
 12751 | D:10     | Found a staircase to the Lair.
 12752 | D:10     | Noticed a two-headed ogre
 12758 | Lair:1   | Entered Level 1 of the Lair of Beasts
 13443 | Lair:1   | Identified the +2 cloak of Zecuat {+Inv}
 13471 | Lair:1   | Reached *** piety under Hepliaklqana
 13674 | Lair:1   | Found the +8 trident of the Octopus King {venom, rElec
                  | rPois}
 14027 | Lair:2   | Noticed a death yak
 14028 | Lair:2   | Noticed a death yak
 14035 | Lair:2   | Killed a death yak
 14036 | Lair:2   | Reached skill level 1 in Polearms
 14037 | Lair:2   | Killed a death yak
 14039 | Lair:2   | Reached XP level 12. HP: 28/72 MP: 20/20
 14720 | Lair:2   | Identified the +3 pair of gloves "Myby" {Contam rElec Will+
                  | Int+6}
 15108 | Lair:2   | You fall into a shaft and drop 1 floor!
 15197 | Lair:3   | Found a staircase to the Swamp.
 15386 | Lair:3   | Identified a scroll of acquirement
 15387 | Lair:3   | Acquired the +3 Elemental Staff {rElec rF++ rC++ AC+5}
 15387 | Lair:3   | Found the +3 Elemental Staff {rElec rF++ rC++ AC+5}
 15553 | Lair:3   | Reached skill level 1 in Earth Magic
 15729 | Lair:3   | Noticed a six-headed hydra
 15736 | Lair:3   | Killed a six-headed hydra
 15830 | Lair:3   | Noticed a catoblepas
 15859 | Lair:3   | Killed a catoblepas
 16191 | Lair:3   | Noticed a four-headed hydra
 16207 | Lair:3   | Killed a four-headed hydra
 16383 | Lair:3   | Reached XP level 13. HP: 78/78 MP: 18/22
 16453 | Lair:3   | Reached **** piety under Hepliaklqana
 17610 | Lair:3   | Found a hole to the Spider Nest.
 17953 | Lair:4   | Learned a level 5 spell: Yara's Violent Unravelling
 18029 | Lair:4   | Reached skill level 1 in Transmutations
 18159 | Lair:4   | Found a viscous altar of Jiyva.
 18159 | Lair:4   | Found a staircase to the Slime Pits.
 19342 | Lair:5   | Entered Level 5 of the Lair of Beasts
 20158 | D:10     | HP: 2/80 [shadow (3)]
 20160 | D:10     | Slain by a shadow

Illustrated notes

Levels and vault maps discovered:
D:1:      shiori_arrival_maze, layout_rooms
D:2:      layout_rooms
D:3:      layout_loops_ring, dreamdust_ecumenical_altar_hidden_monk_grotto,
          ebering_ghost_disaster_area, corner_web_ring,
          kennysheep_generic_room_8
D:4:      nicolae_cairo_tiling_large, layout_loops_ring,
          nicolae_hepliaklqana_hippocampus, grunt_temple_overflow_cloverleaf,
          minmay_misc_feat_iff, dk_noncrumbling_3, minmay_quantized
D:5:      layout_loops_ring, mainiacjoe_overflow_cross_hatched, uniq_ijyb
D:6:      layout_loops_cross, temple_green
D:7:      kennysheep_windowed_halls, layout_basic, enter_bailey_4, serial_glass,
          glass_columns_a, glass_columns_a, glass_columns_a,
          minmay_strange_pillars, due_unseen_surprise, minmay_strange_pillars,
          minmay_fractal_squares_5
D:8:      layout_basic, serial_shops, nicolae_shop_bloodbath_and_beyond, shop,
          hangedman_decor_peaks_small
D:9:      layout_basic, trog_antimagical, kennysheep_generic_room_13
D:10:     layout_loops_ring, nicolae_dithmenos_through_a_glass_darkly,
          xom_teletrap_fun, gammafunk_temple_overflow_wave, david_lair_generic,
          serial_shops, nicolae_square_shop, nicolae_stop_n_shop_1,
          nicolae_lakefront_shop, kennysheep_little_box, nicolae_stop_n_shop_1,
          minmay_misc_feat_ornament
Lair:1:   layout_long_grid, serial_bayou_pond_c, grunt_megastairs_2
Lair:2:   layout_long_grid, minmay_shattered_shrine
Lair:3:   layout_loops_ring, swamp_mist, spider_nest_entry_a,
          beast_lair_carwin_8, serial_bayou_shore_a
Lair:4:   layout_regular_city, nicolae_slime_entry_slimehenge,
          cheibrodos_lair_lostbears, infiniplex_staircase_pool
Lair:5:   due_jungle_book, layout_cave_pods, lemuel_fruit_tree,
          lemuel_fruit_fields, serial_bayou_shore_b, grunt_megastairs_5

Skill      XL: |  1  2  3  4  5  6  7  8  9 10 11 12 13 |
---------------+----------------------------------------+-----
Throwing       | 3 4 5 6 7 8 |  8.5
Fighting       | 3 4 5 6 7 8 |  8.4
Hexes          | 1 2 3 4 5 6 7 |  7.0
Spellcasting   | 1 2 3 4 5 6 7 |  7.4
Axes           | 4 5 6 |  6.9
Dodging        | 4 5 6 7 8 |  8.8
Invocations    | 2 3 4 6 7 8 |  8.1
Evocations     | 2 3 4 6 7 8 |  8.0
Conjurations   | 2 4 6 7 |  7.0
Polearms       | 1 3 |  3.9
Earth Magic    | 2 4 |  4.0
Transmutations | 3 |  3.6

Action                   |  1- 3 |  4- 6 |  7- 9 | 10-12 | 13-15 || total
-------------------------+-------+-------+-------+-------+-------++-------
Melee: War axe           |    62 |   134 |   173 |   167 |       ||   536
       Constrict         |    14 |    32 |    33 |    49 |     7 ||   135
       Tentacles         |     8 |    24 |    29 |    76 |    31 ||   168
       Punch             |       |     2 |     1 |     3 |     1 ||     7
       Trident           |       |       |       |   118 |   117 ||   235
Throw: Throwing net      |       |     4 |     1 |     1 |       ||     6
       Dart              |       |       |     9 |       |       ||     9
       Javelin           |       |       |     1 |       |       ||     1
 Cast: Slow              |       |     9 |    54 |    94 |    54 ||   211
       Magic Dart        |       |       |     3 |    14 |     4 ||    21
       Fulminant Prism   |       |       |     3 |    28 |    28 ||    59
       Confusing Touch   |       |       |       |    64 |    18 ||    82
       Searing Ray       |       |       |       |    13 |     5 ||    18
       Tukima's Dance    |       |       |       |     2 |       ||     2
       Stone Arrow       |       |       |       |     1 |    11 ||    12
Invok: Recall Ancestor   |       |       |       |     2 |       ||     2
       Ancestor Life: Ba |       |       |       |     1 |       ||     1
Evoke: Wand              |       |       |     5 |     4 |     3 ||    12
  Use: Potion            |       |     8 |     1 |     4 |     1 ||    14
       Scroll            |       |     5 |    12 |    21 |     4 ||    42
 Stab: Sleeping          |     8 |     7 |     3 |     1 |       ||    19
       Held in net/web   |       |     2 |       |       |       ||     2
       Paralysed         |       |       |     9 |     3 |       ||    12
       Confused          |       |       |       |     7 |     1 ||     8
       Distracted        |       |       |       |     2 |     3 ||     5
       Petrified         |       |       |       |     1 |       ||     1
Armor: Skin              |     4 |    26 |    30 |    51 |    31 ||   142
Dodge: Dodged            |    46 |    80 |    92 |   159 |    56 ||   433
Block: Other             |       |    32 |    35 |    48 |    21 ||   136
       Reflection        |       |     1 |     2 |     4 |       ||     7
